 Dungeon Crawl Stone Soup version 0.30-a0-1053-gbd8d5ba0ad (webtiles) character file.

Game seed: 2413241490425403041

168 funkygono the Covered (level 5, -9/46 HPs)
             Began as a Minotaur Fighter on Apr 11, 2023.
             Mangled by a gnoll
             ... wielding a +0 flail
             ... led by a gnoll bouda
              (11 damage)
             ... on level 4 of the Dungeon.
             The game lasted 00:04:19 (3315 turns).

funkygono the Covered (Minotaur Fighter)            Turns: 3315, Time: 00:04:20

Health: -9/46      AC:  7    Str: 22    XL:     5   Next: 23%
Magic:  0/4        EV:  9    Int:  5    God:
Gold:   180        SH:  4    Dex: 10    Spells: 4/4 levels left

rFire   . . .      SeeInvis .    t - +1 war axe (heavy)
rCold   . . .      Faith    .    c - +0 buckler
rNeg    . . .      Spirit   +    b - +0 scale mail
rPois   .          Reflect  .    (helmet restricted)
rElec   .          Rampage  .    (no cloak)
rCorr   .                        (no gloves)
Will    .....                    (no boots) Stlth
                                 h - amulet of guardian spirit
HPRegen 0.27/turn                (no ring)
MPRegen 0.09/turn                (no ring)

@: mighty
A: horns 2, retaliatory headbutt
a: no special abilities


You were on level 4 of the Dungeon.
You visited 1 branch of the dungeon, and saw 5 of its levels.

You collected 180 gold pieces.

Inventory:

Hand Weapons
 a - a +0 war axe
 t - a +1 heavy war axe (weapon)
Missiles
 n - 6 poisoned darts (quivered)
Armour
 b - a +0 scale mail (worn)
 c - a +0 buckler (worn)
Jewellery
 h - an amulet of guardian spirit (around neck)
 v - an amulet of regeneration
Wands
 u - a wand of digging (5)
Scrolls
 e - 4 scrolls of identify {unknown}
 g - a scroll of magic mapping {unknown}
 i - 2 scrolls of fear {unknown}
 m - a scroll of brand weapon {unknown}
 p - a scroll of teleportation {unknown}
 s - a scroll of vulnerability {unknown}
 w - a scroll of enchant armour {unknown}
Potions
 f - 3 potions of curing {unknown}
 j - a potion of lignification {unknown}
 k - 3 potions of flight {unknown}
 l - a potion of brilliance {unknown}
 o - 2 potions of mutation {unknown}
 q - a potion of berserk rage {unknown}
 r - a potion of resistance {unknown}


   Skills:
 + Level 4.1 Fighting
 + Level 4.5 Axes
 + Level 4.7 Armour
 + Level 1.3 Dodging
 + Level 0.3 Stealth
 + Level 4.4 Shields


You had 4 spell levels left.
You didn't know any spells.
Your spell library contained the following spells:

 Spells                   Type           Power      Damage    Failure   Level
 Apportation              Tloc           0%         N/A       86%         1
 Necrotise                Necr           0%         1d4       86%         1
 Summon Small Mammal      Summ           0%         N/A       86%         1
 Call Canine Familiar     Summ           0%         N/A       99%         3
 Portal Projectile        Hex/Tloc       0%         N/A       99%         3
 Anguish                  Hex/Necr       0%         N/A       100%        4
 Cause Fear               Hex            0%         N/A       100%        4
 Leda's Liquefaction      Hex/Erth       0%         N/A       100%        4
 Enfeeble                 Hex            0%         N/A       100%        7


Dungeon Overview and Level Annotations

Branches:
Dungeon (5/15)
 Temple: D:4-7

Altars:

Shops:
D:1 [

Annotations:
D:3 3 runed translucent doors, Sermion's ghost, weakling HOBe


Innate Abilities, Weirdness & Mutations

You have a pair of horns on your head.
You reflexively headbutt those who attack you in melee.


Message History

The orc wizard casts a spell.
The orc wizard flickers and vanishes!
Deactivating autopickup; reactivate with Ctrl-A.
The adder bites you but does no damage. The adder barely misses you.
Okay, then.
The adder bites you but does no damage.
You climb upwards.
Reactivating autopickup.
There is a stone staircase leading down here.
The adder barely misses you. x2
The adder bites you but does no damage. The gnoll attacks as you move away!
The gnoll hits you with a +0 flail.
* * * LOW HITPOINT WARNING * * *
The adder attacks as you move away! The adder bites you but does no damage.
The gnoll closely misses you. You furiously retaliate!
You headbutt the gnoll. The adder attacks as you move away!
The adder closely misses you. You furiously retaliate!
You headbutt the adder!
You kill the adder!
The gnoll is no longer moving quickly.
The gnoll bouda barks out a call to the hunt!
The gnolls pick up the pace!
The gnoll is no longer moving quickly.
The gnoll attacks as you move away! The gnoll hits you with a +0 club.
* * * LOW HITPOINT WARNING * * *
The gnoll hits you but does no damage. The gnoll attacks as you move away!
The gnoll barely misses you. The gnoll attacks as you move away!
The gnoll closely misses you. The gnoll hits you with a +0 club.
* * * LOW HITPOINT WARNING * * *
You feel very mighty all of a sudden. The gnoll hits you with a +0 club.
* * * LOW HITPOINT WARNING * * *
You slice the gnoll!!
You kill the gnoll!
The gnoll hits you with a +0 flail.
* * * LOW HITPOINT WARNING * * *
You barely miss the gnoll. The gnoll hits you with a +0 flail.
* * * LOW HITPOINT WARNING * * *
The gnoll hits you with a +0 flail!
You die...

.#.#'##.####.# ......#.......
.#...........#
..........#.......
.#.#'##.####.#
#................. .#.#..'.+
#.# .........#?......
.#.#..#.# #.#
......$..........
.#.####.##+#.#
.........g.#####
.#...........# ........#g#
.#.####.##'#.#######.##.###.##
.#.#..'.'..#.#..@ggWg.#.#
#..###
.#.#..#.#.[#.#######g...#
##...## .#.#'##.####.# #(...#
##g... .#...........# #....##
#.... .#)#+##.####.# #..#W.##
#.... ##.# +.'..#.#
#..##.>###.... .#)# #.#..#.#
#..###g....... .#)####.##'#.#
#..# ####..... .#........†..#
#..# #.......


You could see a phantom, a gnoll bouda and 3 gnolls.

Vanquished Creatures
  3 adders
  5 gnolls
  A worm (D:2)
  2 dart slugs (D:1)
  5 orcs (D:3)
  10 ball pythons
  3 bats
  10 endoplasms
  3 giant cockroaches
  7 hobgoblins
  3 jackals (D:1)
  7 kobolds
  2 quokkas (D:1)
  3 frilled lizards
  6 goblins
  3 rats
73 creatures vanquished.

Vanquished Creatures (others)
  2 fungi (D:3)
  12 plants
14 creatures vanquished.

Grand Total: 87 creatures vanquished

Notes
Turn   | Place    | Note
-------+----------+-------------------------------------------
     0 | D:1      | funkygono the Minotaur Fighter began the quest for the Orb.
     0 | D:1      | Reached XP level 1. HP: 19/19 MP: 0/0
    89 | D:1      | Reached XP level 2. HP: 27/27 MP: 1/1
   303 | D:1      | Found Zaonagot's Antique Armour Boutique.
   432 | D:1      | Reached XP level 3. HP: 28/33 MP: 2/2
  1234 | D:2      | Reached skill level 1 in Dodging
  1234 | D:2      | Reached XP level 4. HP: 39/40 MP: 1/3
  2290 | D:3      | Found a faded altar of an unknown god.
  2756 | D:3      | Found a runed translucent gate.
  2756 | D:3      | Noticed a kobold brigand
  2757 | D:3      | Found a runed translucent gate.
  2757 | D:3      | Noticed Sermion's ghost (weakling HOBe)
  2758 | D:3      | Found a runed translucent gate.
  3216 | D:4      | Reached XP level 5. HP: 42/46 MP: 4/4
  3268 | D:4      | Noticed a phantom
  3298 | D:5      | Entered Level 5 of the Dungeon
  3315 | D:4      | HP: 2/46 [gnoll/+0 flail[a gnoll bouda] (3)]
  3315 | D:4      | Mangled by a gnoll

Illustrated notes

Levels and vault maps discovered:
D:1:      nagdon_arrival_zigzag_paths, layout_basic, serial_shops,
          shop_fountains
D:2:      wad_lake_hut, layout_loops_cross, hangedman_decor_peaks_small,
          minmay_shallow_snake_nest
D:3:      layout_basic, ebering_ecumenical_altar_hall,
          gammafunk_ghost_nasty_kobolds
D:4:      minmay_door_path, layout_rooms
D:5:      layout_basic, lemuel_doored_altar,
          minmay_temple_entry_drinking_statues, minmay_manual_monolith

Skill      XL: |  1  2  3  4 |
---------------+-------------+-----
Axes           | 3 4 |  4.5
Armour         | 4 |  4.7
Fighting       | 4 |  4.1
Dodging        | 1 |  1.3
Shields        | 4 |  4.4
Stealth        | |  0.3

Action                     |  1- 3 |  4- 6 || total
---------------------------+-------+-------++-------
  Melee: War axe           |   107 |    75 ||   182
         Headbutt          |    11 |     8 ||    19
    Use: Potion            |       |     1 ||     1
 Armour: Scale mail        |    43 |    47 ||    90
  Dodge: Dodged            |    39 |    47 ||    86
  Block: Buckler           |    31 |    16 ||    47

Table legend: (Time is in decaauts)
 A = Elapsed time spent in this place.
 B = Non-inter-level travel time spent in this place.
 C = Inter-level travel time spent in this place.
 D = Time resting spent in this place.
 E = Time spent auto-exploring this place.
 F = Levels seen in this place.
 G = Mean time per level.
                   A        B        C        D        E       F      G
               +--------+--------+--------+--------+--------+-----+--------+
         Total |   3447 |   3309 |    138 |      0 |   2650 |   5 |  689.4 |
       Dungeon |   3447 |   3309 |    138 |      0 |   2650 |   5 |  689.4 |
               +--------+--------+--------+--------+--------+-----+--------+

Top non-repeatable levels by time:
     D:1: 1212 daAuts
     D:3: 1051 daAuts
     D:2: 895 daAuts
     D:4: 281 daAuts
     D:5: 7 daAuts
